 Dungeon Crawl Stone Soup version 0.27.1-35-g4d5d836560 (webtiles) character file.

Game seed: 1264147606915857159

9041 unlimited1921 the Martial Artist (level 11, -4/83 HPs)
             Began as a Gnoll Transmuter on May 3, 2022.
             Slain by a cane toad (8 damage)
             ... on level 2 of the Lair of Beasts.
             The game lasted 01:12:40 (10516 turns).

unlimited1921 the Martial Artist (GnTm)            Turns: 10516, Time: 01:12:41

Health: -4/83      AC:  2    Str: 18    XL:     11   Next: 40%
Magic:  22/23      EV: 28    Int: 13    God:
Gold:   267        SH:  0    Dex: 24    Spells: 6/26 levels left

rFire    . . .     SeeInvis .     - Unarmed
rCold    . . .     Faith    .   (shield currently unavailable)
rNeg     . . .     Spirit   .   (armour currently unavailable)
rPois    x         Reflect  .   (helmet currently unavailable)
rElec    .         Harm     .   (cloak currently unavailable)
rCorr    .         Rampage  .   (gloves currently unavailable)
Will     .....                  (boots currently unavailable)
Stlth    ++........             s - amulet of regeneration
HPRegen  1.23/turn              m - +6 ring of strength
MPRegen  0.18/turn              G - +6 ring of dexterity

@: lethally poisoned (-4 -> -4), spider-form (expiring), very slow
A: venomous fangs, tiny, (fangs 1), strong nose, distributed training
a: End Transformation


You were on level 2 of the Lair of Beasts.
You were a venomous arachnid creature.
You visited 3 branches of the dungeon, and saw 12 of its levels.

You collected 580 gold pieces.
You spent 313 gold pieces at shops.

Inventory:

Hand Weapons
 n - a +5 battleaxe of freezing (melded)
 N - a +2 whip of flaming
Missiles
 d - 223 stones
 q - 100 sling bullets
 r - a throwing net
 t - 17 bolts
 E - 58 poisoned darts
 L - 12 atropa-tipped darts
 P - 12 boomerangs
Armour
 l - a +2 cloak of preservation (melded)
 w - a scarf of harm
 F - a +0 pair of gloves (melded)
 J - the +5 ring mail of Disaster (melded) {MP+9 Str+4 Dex-4 Stlth+}
   (You found it on level 5 of the Dungeon)

   Str:       It affects your strength (+4).
   Dex:       It affects your dexterity (-4).
   MP:        It affects your magic capacity (+9).
   Stlth:     It makes you more stealthy.
 K - a +0 buckler
 O - a +1 hat (melded)
 U - +2 acid dragon scales
 V - a +1 pair of boots (melded)
Jewellery
 m - a +6 ring of strength (left front leg)
 p - a ring of see invisible
 s - an amulet of regeneration (around neck)
 u - an amulet of faith
 D - a +6 ring of intelligence
 G - a +6 ring of dexterity (right front leg)
 M - a +4 ring of evasion
 W - a +6 ring of dexterity
Wands
 C - a wand of flame (11) (quivered)
 X - a wand of iceblast (9)
 Z - a wand of digging (2)
Scrolls
 a - a scroll of blinking
 b - a scroll of summoning {unknown}
 c - a scroll of immolation
 g - 3 scrolls of torment {unknown}
 j - 2 scrolls of enchant weapon {unknown}
 o - a scroll of vulnerability {unknown}
 v - 3 scrolls of fog {unknown}
 S - 3 scrolls of teleportation
 T - 3 scrolls of magic mapping
Potions
 e - 2 potions of mutation
 f - 2 potions of lignification
 h - 3 potions of invisibility
 k - 3 potions of curing
 x - a potion of haste
 z - a potion of might
 A - a potion of berserk rage
 B - a potion of magic
 H - 2 potions of brilliance
 I - a potion of flight
 Q - a potion of cancellation
 R - 2 potions of heal wounds
Miscellaneous
 Y - a tin of tremorstones (2/2)


   Skills:
 + Level 6.8 Fighting
 + Level 6.2 Short Blades
 + Level 6.2 Long Blades
 + Level 6.2 Axes
 + Level 6.2 Maces & Flails
 + Level 6.2 Polearms
 + Level 6.2 Staves
 + Level 6.2 Slings
 + Level 6.2 Bows
 + Level 6.2 Crossbows
 + Level 6.2 Throwing
 + Level 6.2 Armour
 + Level 7.8 Dodging
 + Level 6.2 Stealth
 + Level 6.2 Shields
 + Level 9.1 Unarmed Combat
 + Level 8.1 Spellcasting
 + Level 5.2 Conjurations
 + Level 5.2 Hexes
 + Level 5.2 Summonings
 + Level 5.2 Necromancy
 + Level 5.2 Translocations
 + Level 6.5 Transmutations
 + Level 5.2 Fire Magic
 + Level 5.2 Ice Magic
 + Level 5.2 Air Magic
 + Level 5.2 Earth Magic
 + Level 5.2 Poison Magic
 + Level 6.9 Invocations
 + Level 6.2 Evocations


You had 6 spell levels left.
You knew the following spells:

 Your Spells              Type           Power      Damage    Failure   Level
a - Beastly Appendage     Tmut           44%        N/A       4%          1
b - Searing Ray           Conj           36%        3d4       10%         2
c - Magic Dart            Conj           72%        1d6       7%          1
d - Spider Form           Tmut/Pois      10%        N/A       12%         3
e - Foxfire               Conj/Fire      72%        2x1d7     7%          1
f - Inner Flame           Hex/Fire       18%        N/A       14%         3
g - Blink                 Tloc           N/A        N/A       10%         2
h - Conjure Flame         Conj/Fire      18%        6-21      14%         3
i - Fulminant Prism       Conj/Hex       9%         3d7       34%         4

Your spell library contained the following spells:

 Spells                   Type           Power      Damage    Failure   Level
 Wereblood                Tmut           22%        N/A       6%          2
 Apportation              Tloc           36%        N/A       7%          1
 Freeze                   Ice            72%        1d9       7%          1
 Shock                    Conj/Air       72%        1d7       7%          1
 Ignite Poison            Fire/Tmut/Pois 19%        N/A       13%         3
 Mephitic Cloud           Conj/Pois/Air  18%        N/A       14%         3
 Ice Form                 Ice/Tmut       20%        N/A       28%         4
 Bolt of Magma            Conj/Fire/Erth 9%         4d7       63%         5
 Manifold Assault         Tloc           18%        N/A       63%         5
 Storm Form               Tmut/Air       10%        N/A       100%        7


Dungeon Overview and Level Annotations

Branches:
Dungeon (9/15)             Temple (1/1) D:7            Lair (2/6) D:9
  Swamp: Lair:2-4    Shoals: Lair:2-4     Snake: Lair:2-4    Spider: Lair:2-4
    Orc: D:9-12

Altars:
Ashenzari
Cheibriados
Dithmenos
Elyvilon
Fedhas
Gozag
Hepliaklqana
Kikubaaqudgha
Makhleb
Nemelex Xobeh
Okawaru
Qazlal
Ru
Sif Muna
Trog
Uskayaw
Vehumet
Wu Jian
Xom
Yredelemnul
Zin
The Shining One

Shops:
D:4 *   D:6 *(*:=   D:9 [


Innate Abilities, Weirdness & Mutations

You are a venomous arachnid creature.
You have poisonous fangs.
You are tiny and dextrous.
Your spellcasting is less reliable in this form.
Your armour is entirely melded.
You are incapable of wielding weapons or throwing items.
((You have very sharp teeth.))
Your uncanny sense of smell can sniff out nearby items.
Your experience applies equally to all skills.


Message History

The cane toad croaks.
You hit the cane toad.
The cane toad looks as sick as possible!
The cane toad is severely wounded.
The cane toad stings you!
You are poisoned.
The cane toad poisons you!
You feel extremely sick.
You kill the cane toad!
You bite the cane toad!
The cane toad is moderately wounded.
You feel extremely sick. The cane toad closely misses you.
The cane toad misses you.
You bite the cane toad!
The cane toad is heavily wounded.
You feel very sick. The cane toad completely misses you.
The cane toad misses you.
You feel very sick. The cane toad closely misses you.
You feel very sick. The cane toad misses you.
You feel very sick. The cane toad stings you!!
* * * LOW HITPOINT WARNING * * *
Casting: Spider Form (dangerous; 12% risk of failure)
Confirm with . or Enter, or press ? or * to list all spells.
You blink.
Splash!
You fall into the shallow water.
Moving in this stuff is going to be slow.
You feel very sick.
You feel very sick.
You feel sick. The cane toad completely misses you.
Your transformation is almost over.
You feel sick. The cane toad stings you.
* * * LOW HITPOINT WARNING * * *
You enter the shallow water.
Moving in this stuff is going to be slow.
You feel sick. The cane toad completely misses you. The cane toad stings you!
You die...

#.#.#≈#...#...#
.#.#.≈.≈.......#
...≈≈≈≈≈≈≈≈.#<.#
...≈≈≈≈≈≈≈≈≈...##
..≈≈≈≈≈≈≈≈≈≈....#
...≈≈≈..≈≈≈≈....###
#.≈≈≈.<.≈≈≈≈...#.##
#.≈≈≈≈.F≈≈≈≈......##
#.≈≈≈≈sF≈≈≈........#
....≈≈≈≈≈≈≈.........#P
....≈≈≈≈≈≈≈............
.......≈...#.#P..P...P#
......P.##...........P#
.......#.....##......##
....PP.#......#....P#.#
..###......#####.....#.
∆ .##.# ......


You could see 2 cane toads.

Vanquished Creatures
  2 two-headed ogres
  Pikel (D:5)
  Maurice (D:8)
  2 centaur zombies (D:9)
  Maggie (D:7)
  3 cane toads
  2 komodo dragons
  A vampire (D:9)
  A wyvern (D:8)
  Eustachio (D:6)
  16 yaks
  A steam dragon (D:9)
  Grum (D:9)
  A water moccasin (D:5)
  2 ice beasts
  3 necrophages
  An ogre (D:5)
  2 centaurs
  4 wolves (D:9)
  A lemure (D:5)
  2 bullfrogs
  A scorpion (D:5)
  A gnoll sergeant (D:6)
  4 wights (D:8)
  A howler monkey (D:5)
  A crimson imp (D:5)
  2 hounds
  A bullfrog zombie (D:5)
  A centaur skeleton (D:7)
  2 iguanas
  An orc wizard (D:3)
  A killer bee zombie (D:7)
  2 hound skeletons
  5 gnolls (D:6)
  A howler monkey skeleton (D:6)
  8 adders
  2 white imps
  An ufetubus (D:4)
  4 worms
  4 dart slugs
  9 orcs
  9 bats
  12 endoplasms
  4 giant cockroaches
  4 goblins
  8 hobgoblins
  2 jackals (D:3)
  A quokka (D:1)
  6 ball pythons
  2 ball python zombies (D:1)
  6 frilled lizards
  12 kobolds
  3 rats (D:1)
170 creatures vanquished.

Vanquished Creatures (others)
  A white imp (D:7)
  127 foxfires
  2 fungi (Lair:1)
  36 plants
166 creatures vanquished.

Grand Total: 336 creatures vanquished

Notes
Turn   | Place    | Note
-------+----------+-------------------------------------------
     0 | D:1      | unlimited1921 the Gnoll Transmuter began the quest for the
                  | Orb.
     0 | D:1      | Reached XP level 1. HP: 17/17 MP: 6/6
   145 | D:1      | Found a faded altar of an unknown god.
   153 | D:1      | Reached XP level 2. HP: 19/23 MP: 7/7
   939 | D:1      | Reached XP level 3. HP: 26/28 MP: 9/9
  1080 | D:1      | Reached skill level 5 in Spellcasting
  1744 | D:2      | Reached skill level 1 in Invocations
  1912 | D:2      | Reached skill level 1 in Short Blades
  1912 | D:2      | Reached skill level 1 in Long Blades
  1912 | D:2      | Reached skill level 1 in Axes
  1912 | D:2      | Reached skill level 1 in Maces & Flails
  1912 | D:2      | Reached skill level 1 in Polearms
  1912 | D:2      | Reached skill level 1 in Staves
  1912 | D:2      | Reached skill level 1 in Slings
  1912 | D:2      | Reached skill level 1 in Bows
  1912 | D:2      | Reached skill level 1 in Crossbows
  1912 | D:2      | Reached skill level 1 in Throwing
  1912 | D:2      | Reached skill level 1 in Armour
  1912 | D:2      | Reached skill level 1 in Stealth
  1912 | D:2      | Reached skill level 1 in Shields
  1912 | D:2      | Reached skill level 1 in Evocations
  1939 | D:2      | Reached XP level 4. HP: 32/34 MP: 8/11
  2756 | D:3      | Found a sparkling altar of Nemelex Xobeh.
  2756 | D:3      | Found a transporter.
  2899 | D:3      | Reached skill level 1 in Conjurations
  2899 | D:3      | Reached skill level 1 in Hexes
  2899 | D:3      | Reached skill level 1 in Summonings
  2899 | D:3      | Reached skill level 1 in Necromancy
  2899 | D:3      | Reached skill level 1 in Translocations
  2899 | D:3      | Reached skill level 1 in Fire Magic
  2899 | D:3      | Reached skill level 1 in Ice Magic
  2899 | D:3      | Reached skill level 1 in Air Magic
  2899 | D:3      | Reached skill level 1 in Earth Magic
  2899 | D:3      | Reached skill level 1 in Poison Magic
  2977 | D:3      | Reached XP level 5. HP: 40/40 MP: 10/12
  3520 | D:4      | Learned a level 2 spell: Searing Ray
  3522 | D:4      | Learned a level 1 spell: Magic Dart
  3526 | D:4      | Learned a level 3 spell: Spider Form
  3656 | D:4      | Reached XP level 6. HP: 44/47 MP: 11/13
  3683 | D:4      | Found Korah's Assorted Antiques.
  3688 | D:4      | Bought a fizzy purple potion for 22 gold pieces
  3688 | D:4      | Bought an amethyst potion for 22 gold pieces
  3688 | D:4      | Bought an inky potion for 22 gold pieces
  3688 | D:4      | Bought a scroll labelled KIME ONOADOGOH for 25 gold pieces
  3688 | D:4      | Bought a scroll labelled NOLAUPPU FACI for 25 gold pieces
  3688 | D:4      | Bought a scroll labelled HESUTU ESUUMU for 25 gold pieces
  3688 | D:4      | Bought an inky potion for 22 gold pieces
  3696 | D:4      | Acquired a +2 cloak of preservation
  3953 | D:4      | Learned a level 1 spell: Foxfire
  4120 | D:5      | Entered Level 5 of the Dungeon
  4212 | D:5      | Identified the +5 ring mail of Disaster {MP+9 Str+4 Dex-4
                  | Stlth+}
  4282 | D:5      | Noticed a necrophage
  4298 | D:5      | Killed a necrophage
  4299 | D:5      | Reached skill level 5 in Dodging
  4438 | D:5      | Noticed a water moccasin
  4447 | D:5      | Killed a water moccasin
  4448 | D:5      | Reached XP level 7. HP: 52/52 MP: 15/15
  4465 | D:5      | Reached skill level 7 in Unarmed Combat
  4913 | D:5      | Noticed Pikel
  4969 | D:5      | Killed Pikel
  4970 | D:5      | Reached XP level 8. HP: 55/60 MP: 16/16
  5480 | D:6      | Found Suboap's Weapon Emporium.
  5510 | D:6      | Found Deanareg's Assorted Antiques.
  5514 | D:6      | Bought a scroll labelled KOIGGO MEFIO for 21 gold pieces
  5514 | D:6      | Bought an inky potion for 18 gold pieces
  5514 | D:6      | Bought a scroll labelled POIPOEKHIA for 21 gold pieces
  5553 | D:6      | Noticed Eustachio
  5572 | D:6      | Killed Eustachio
  5911 | D:6      | Found Zuloph's Jewellery Shoppe.
  6010 | D:6      | Found Emup's General Store.
  6026 | D:6      | Bought a scroll of magic mapping for 42 gold pieces
  6026 | D:6      | Bought a scroll of identify for 24 gold pieces
  6026 | D:6      | Bought a scroll of identify for 24 gold pieces
  6169 | D:6      | Found Hesaz's Book Emporium.
  6511 | D:7      | Noticed a yak
  6511 | D:7      | Noticed a yak
  6515 | D:7      | Noticed a yak
  6516 | D:7      | Noticed a yak
  6516 | D:7      | Noticed a yak
  6525 | D:7      | Killed a yak
  6526 | D:7      | Reached skill level 5 in Transmutations
  6526 | D:7      | Reached XP level 9. HP: 66/66 MP: 18/18
  6622 | D:6      | Reached skill level 5 in Fighting
  6971 | D:7      | Noticed Maggie
  6973 | D:7      | Found a staircase to the Ecumenical Temple.
  7013 | D:7      | Killed Maggie
  7014 | D:7      | Reached skill level 8 in Unarmed Combat
  7014 | D:7      | Reached skill level 5 in Invocations
  7275 | Temple   | Entered the Ecumenical Temple
  7615 | D:8      | Noticed a two-headed ogre
  7633 | D:8      | Killed a two-headed ogre
  7634 | D:8      | Reached XP level 10. HP: 69/75 MP: 20/20
  7770 | D:7      | Learned a level 3 spell: Inner Flame
  7773 | D:7      | Learned a level 2 spell: Blink
  7777 | D:7      | Learned a level 3 spell: Conjure Flame
  7898 | D:8      | Reached skill level 5 in Short Blades
  7898 | D:8      | Reached skill level 5 in Long Blades
  7898 | D:8      | Reached skill level 5 in Axes
  7898 | D:8      | Reached skill level 5 in Maces & Flails
  7898 | D:8      | Reached skill level 5 in Polearms
  7898 | D:8      | Reached skill level 5 in Staves
  7898 | D:8      | Reached skill level 5 in Slings
  7898 | D:8      | Reached skill level 5 in Bows
  7898 | D:8      | Reached skill level 5 in Crossbows
  7898 | D:8      | Reached skill level 5 in Throwing
  7898 | D:8      | Reached skill level 5 in Armour
  7898 | D:8      | Reached skill level 5 in Stealth
  7898 | D:8      | Reached skill level 5 in Shields
  7898 | D:8      | Reached skill level 5 in Evocations
  8054 | D:8      | Got A Beginning Course on Witchcraft
  8061 | D:8      | Learned a level 4 spell: Fulminant Prism
  8245 | D:8      | Noticed Maurice
  8262 | D:8      | Killed Maurice
  8748 | D:9      | Found a staircase to the Lair.
  8968 | D:9      | Reached XP level 11. HP: 81/83 MP: 7/22
  9264 | D:9      | Noticed Grum
  9271 | D:9      | Killed Grum
  9279 | D:9      | Found a snail-covered altar of Cheibriados.
  9287 | D:9      | Found Cheibriados's Comfort Zone.
  9521 | D:9      | Noticed a two-headed ogre
  9653 | D:9      | Killed a two-headed ogre
  9654 | D:9      | Reached skill level 9 in Unarmed Combat
  9654 | D:9      | Reached skill level 5 in Conjurations
  9654 | D:9      | Reached skill level 5 in Hexes
  9654 | D:9      | Reached skill level 5 in Summonings
  9654 | D:9      | Reached skill level 5 in Necromancy
  9654 | D:9      | Reached skill level 5 in Translocations
  9654 | D:9      | Reached skill level 5 in Fire Magic
  9654 | D:9      | Reached skill level 5 in Ice Magic
  9654 | D:9      | Reached skill level 5 in Air Magic
  9654 | D:9      | Reached skill level 5 in Earth Magic
  9654 | D:9      | Reached skill level 5 in Poison Magic
 10265 | Lair:1   | Entered Level 1 of the Lair of Beasts
 10479 | Lair:1   | You fall into a shaft and drop 1 floor!
 10515 | Lair:2   | HP: 4/83 [cane toad (3)]
 10516 | Lair:2   | Slain by a cane toad

Illustrated notes

Levels and vault maps discovered:
D:1:      saegor_arrival_fortress, layout_loops_ring,
          shapermc_ecumenical_altar_starsandcircs, minmay_ruptured
D:2:      layout_basic, amcnicky_mini_rare_corridor_liquid, minmay_fountain_box
D:3:      layout_loops_ring, grunt_nemelex_the_gamble, minmay_misc_feat_tower,
          kennysheep_generic_room_4
D:4:      layout_loops_ring, serial_shops, shop, minmay_crossroads
D:5:      layout_basic, minmay_fire_ice_demons, uniq_pikel
D:6:      layout_basic, serial_shops, nicolae_shop_behind_doors,
          nicolae_take_the_stairs, shop, nicolae_shop_trees, shop,
          uniq_eustachio
D:7:      layout_rooms, minmay_temple_entry_junction, uniq_maggie
D:8:      layout_loops_ring, hangedman_decor_opposing, uniq_maurice
D:9:      layout_basic, david_lair_shrubbed, minmay_shop_chei, uniq_grum
Temple:   nicolae_temple_the_god_donut
Lair:1:   gammafunk_boulding_lane, layout_regular_city, st_stairs_10,
          serial_bayou_shore_b
Lair:2:   layout_misc_corridors, shoals_dummy_entry, spider_nest_entry_a,
          special_room [special_room_bee], minivault_19,
          chequers_serial_rivers_room_a, beast_lair_carwin_3,
          infiniplex_staircase_pool_2

Skill      XL: |  1  2  3  4  5  6  7  8  9 10 11 |
---------------+----------------------------------+-----
Spellcasting   | 5 6 7 8 |  8.1
Invocations    | 1 2 3 4 5 6 |  6.9
Short Blades   | 1 2 3 4 5 6 |  6.2
Long Blades    | 1 2 3 4 5 6 |  6.2
Axes           | 1 2 3 4 5 6 |  6.2
Maces & Flails | 1 2 3 4 5 6 |  6.2
Polearms       | 1 2 3 4 5 6 |  6.2
Staves         | 1 2 3 4 5 6 |  6.2
Slings         | 1 2 3 4 5 6 |  6.2
Bows           | 1 2 3 4 5 6 |  6.2
Crossbows      | 1 2 3 4 5 6 |  6.2
Throwing       | 1 2 3 4 5 6 |  6.2
Armour         | 1 2 3 4 5 6 |  6.2
Stealth        | 1 2 3 4 5 6 |  6.2
Shields        | 1 2 3 4 5 6 |  6.2
Evocations     | 1 2 3 4 5 6 |  6.2
Conjurations   | 1 2 3 4 5 |  5.2
Hexes          | 1 2 3 4 5 |  5.2
Summonings     | 1 2 3 4 5 |  5.2
Necromancy     | 1 2 3 4 5 |  5.2
Translocations | 1 2 3 4 5 |  5.2
Fire Magic     | 1 2 3 4 5 |  5.2
Ice Magic      | 1 2 3 4 5 |  5.2
Air Magic      | 1 2 3 4 5 |  5.2
Earth Magic    | 1 2 3 4 5 |  5.2
Poison Magic   | 1 2 3 4 5 |  5.2
Fighting       | 3 4 5 6 |  6.8
Transmutations | 4 5 6 |  6.5
Dodging        | 5 6 7 |  7.8
Unarmed Combat | 7 8 9 |  9.1

Action                   |  1- 3 |  4- 6 |  7- 9 | 10-12 || total
-------------------------+-------+-------+-------+-------++-------
Melee: Unarmed           |    49 |       |    70 |    61 ||   180
       Headbutt          |    11 |    18 |    13 |       ||    42
       Kick              |    11 |    44 |    16 |       ||    71
       Bite              |     7 |    11 |    10 |    16 ||    44
       Punch             |     2 |     7 |     2 |       ||    11
       Hand axe          |    46 |   143 |    66 |       ||   255
       Battleaxe         |       |       |       |    63 ||    63
Throw: Dart              |       |     4 |       |       ||     4
 Cast: Beastly Appendage |    24 |    38 |    11 |       ||    73
       Foxfire           |       |     1 |    49 |    27 ||    77
       Magic Dart        |       |       |     4 |       ||     4
       Spider Form       |       |       |    12 |    11 ||    23
       Inner Flame       |       |       |       |    20 ||    20
       Searing Ray       |       |       |       |     8 ||     8
       Conjure Flame     |       |       |       |     5 ||     5
       Blink             |       |       |       |     2 ||     2
Evoke: Wand              |       |       |    20 |     4 ||    24
  Use: Scroll            |       |     4 |     9 |     3 ||    16
       Potion            |       |       |     5 |     1 ||     6
 Stab: Sleeping          |       |       |       |     2 ||     2
Armor: Ring mail         |    46 |    57 |    31 |    40 ||   174
       Skin              |       |       |     2 |       ||     2
Dodge: Dodged            |    48 |   104 |   164 |    97 ||   413
